 Dungeon Crawl Stone Soup version 0.31-a0-198-g2ad674f65e (webtiles) character file.

Game seed: 8006333756587445885

840 qw the Skirmisher (level 7, -1/40 HPs)
             Began as a Deep Elf Hunter on June 25, 2023.
             Was a Follower of Okawaru.
             Shot with an arrow by a centaur (8 damage)
             ... on level 6 of the Dungeon.
             The game lasted 00:01:37 (3916 turns).

qw the Skirmisher (Deep Elf Hunter)                 Turns: 3916, Time: 00:01:38

Health: -1/40      AC:  6    Str: 10    XL:     7   Next: 67%
Magic:  10/11      EV: 14    Int: 14    God:    Okawaru [*.....]
Gold:   200        SH:  0    Dex: 18    Spells: 6/6 levels left

rFire   . . .        Y - +0 orcbow
rCold   . . .        (shield currently unavailable)
rNeg    . . .        f - +0 ring mail
rPois   .            (no helmet)
rElec   .            (no cloak)
rCorr   .            (no gloves)
SInv    .            (no boots)
Will    .....        (no amulet)
Stlth   +++          (no ring)
HPRegen 0.26/turn    (no ring)
MPRegen 0.12/turn

%: no passive effects
@: about to teleport, heroic
A: no striking features
a: Renounce Religion, Heroism


You were on level 6 of the Dungeon.
You worshipped Okawaru.
Okawaru was aware of your devotion.
You visited 2 branches of the dungeon, and saw 7 of its levels.

You collected 200 gold pieces.


   Skills:
 - Level 2.0(7.0) Fighting
 + Level 11.1(16.1) Ranged Weapons
 - Level 3.2(8.2) Dodging
 - Level 1.2(6.2) Stealth
 + Level 3.6 Invocations


You had 6 spell levels left.
You didn't know any spells.
Your spell library was empty.

Inventory:

Hand Weapons
 Y - a +0 orcbow (weapon)
Armour
 f - a +0 ring mail (worn)
Scrolls
 d - a scroll of identify
Potions
 b - a potion of curing
 e - a potion of enlightenment
 g - a potion of might {unknown}
 h - a potion of invisibility {unknown}
 i - a potion of heal wounds {unknown}
 j - a potion of lignification {unknown}

Dungeon Overview and Level Annotations

Branches:
Dungeon (6/15)             Temple (1/1) D:4

Altars:
Ashenzari
Cheibriados
Dithmenos
Fedhas
Gozag
Hepliaklqana
Makhleb
Nemelex Xobeh
Okawaru
Qazlal
Ru
Trog
Uskayaw
Vehumet
Wu Jian
Xom
Yredelemnul
The Shining One

Shops:
D:1 *

Annotations:
D:3 1 runed translucent door, qw's ghost, amateur DEHu
D:6 Menkaure


Message History

You shoot an arrow.
The arrow hits the adder but does no damage.
The adder is lightly wounded.
The adder bites you but does no damage.
You shoot an arrow. The arrow hits the adder.
The adder is severely wounded.
The adder closely misses you.
Menkaure mumbles some strange words.
Menkaure seems to speed up.
You shoot an arrow. The arrow barely misses the adder.
The adder misses you.
Menkaure calls on the powers of darkness!
Your body is wracked with pain!
A black bear comes into view.
You shoot an arrow. The arrow hits the adder!
You kill the adder!
Okawaru accepts your kill. Menkaure casts a spell at you.
Pain shoots through your body!
You shoot an arrow. The arrow hits the lemure!
The lemure is moderately wounded.
You shoot an arrow. The arrow hits the lemure!
The lemure is almost dead.
A centaur comes into view.
The lemure hits you but does no damage.
You shoot an arrow. The arrow hits the lemure!
You kill the lemure!
That felt strangely unrewarding.
The centaur wields a +0 shortbow.
The centaur shoots an arrow.
The arrow barely misses you.
You shoot an arrow. The arrow hits Menkaure!
Menkaure is severely damaged.
The centaur shoots an arrow.
The arrow barely misses you.
The centaur shoots an arrow.
The arrow hits you.
You hear a shout!
3916 ||| READING scroll of teleportation.
As you read the scroll of teleportation, it crumbles to dust.
You feel strangely unstable. Menkaure barely misses you.
The centaur shoots an arrow.
The arrow hits you!
You die...

######... ..
#:......# .."
#.......#
...##.......###
........$.....c
..h........#
#.......##
#.M@.....#
#........#
###........#
#..<######.#
#..### .. #.# .
#.. #. #


You could see a black bear, Menkaure (fast) and a centaur.

Vanquished Creatures
  2 ogres (D:5)
  A centaur (D:4)
  A lemure (D:6)
  A bullfrog (D:6)
  2 scorpions (D:5)
  A hound (D:4)
  A jelly (D:4)
  A gnoll bouda (D:4)
  3 iguanas (D:5)
  3 orc wizards
  3 adders
  4 gnolls (D:4)
  A shadow imp (D:6)
  An ufetubus (D:5)
  4 worms
  2 dart slugs
  10 orcs
  7 ball pythons
  8 endoplasms
  4 giant cockroaches
  8 hobgoblins
  9 jackals
  4 quokkas
  7 bats
  5 frilled lizards
  5 goblins
  3 kobolds
  11 rats
112 creatures vanquished.

Vanquished Creatures (others)
  A scorpion (D:5)
  A hound (D:5)
  2 iguanas (D:5)
  A worm (D:5)
5 creatures vanquished.

Grand Total: 117 creatures vanquished

Notes
Turn   | Place    | Note
-------+----------+-------------------------------------------
     0 | D:1      | qw the Deep Elf Hunter began the quest for the Orb.
     0 | D:1      | Reached XP level 1. HP: 12/12 MP: 3/3
     0 | D:1      | 0 ||| qw: Version: 0.3-a-22-g0ed2b0b
     0 | D:1      | 0 ||| qw: Game counter: 5444
     0 | D:1      | 0 ||| qw: Melee chars always use a shield: true
     0 | D:1      | 0 ||| qw: God list: Okawaru
     0 | D:1      | 0 ||| qw: Allow faded altars: false
     0 | D:1      | 0 ||| qw: Do Orc after clearing Dungeon:15 true
     0 | D:1      | 0 ||| qw: Do second Lair branch before Depths: true
     0 | D:1      | 0 ||| qw: Lair rune preference: random
     0 | D:1      | 0 ||| qw: Goals: Normal
     0 | D:1      | 0 ||| PLANNING D:1-11
    36 | D:1      | Found Raodgh's General Store.
    41 | D:1      | 41 ||| SHOPLISTING +2 heavy hand crossbow (183 gold, have
                  | 0).
    41 | D:1      | 41 ||| SHOPLISTING potion of enlightenment (50 gold, have
                  | 0).
   293 | D:1      | Found a faded altar of an unknown god.
   296 | D:1      | Reached XP level 2. HP: 16/16 MP: 4/4
   297 | D:1      | Reached skill level 6 in Ranged Weapons
   757 | D:1      | 757 ||| UPGRADING to +0 ring mail.
   767 | D:1      | 767 ||| DROPPING +0 leather armour.
   768 | D:1      | 768 ||| READING scroll labelled KINKICWOTTO.
   769 | D:1      | 769 ||| DROPPING scroll of butterflies.
   873 | D:2      | Reached XP level 3. HP: 20/20 MP: 5/5
   893 | D:2      | 893 ||| FLEEEEING.
   894 | D:2      | 894 ||| FLEEEEING.
   926 | D:2      | Reached skill level 7 in Ranged Weapons
   993 | D:2      | Found a hazy altar of Hepliaklqana.
  1319 | D:2      | Reached XP level 4. HP: 25/25 MP: 6/6
  1434 | D:2      | 1434 ||| READING scroll labelled LOUMAM YSAFFIV.
  1435 | D:2      | 1435 ||| READING scroll labelled TOSAZA ENLEABB.
  1436 | D:2      | 1436 ||| READING scroll labelled YJODUS PETATWU.
  1437 | D:2      | 1437 ||| READING scroll labelled QEUDDA AKAD.
  1438 | D:2      | 1438 ||| DRINKING 2 orange potions.
  1440 | D:2      | 1440 ||| Stepping ~*~*~tactically~*~*~ (cloud).
  1447 | D:2      | HP: 6/25 [poisoned by you (poison gas)]
  1859 | D:3      | Found a runed translucent door.
  1859 | D:3      | Noticed qw's ghost (amateur DEHu)
  1983 | D:3      | 1983 ||| READING scroll labelled UCKUCS RIX WUN.
  1984 | D:3      | 1984 ||| READING scroll labelled OWUIDGH YGGOINK.
  2115 | D:4      | Found a staircase to the Ecumenical Temple.
  2116 | D:4      | 2116 ||| PLANNING TEMPLE
  2123 | Temple   | Entered the Ecumenical Temple
  2123 | Temple   | Found a transporter.
  2123 | Temple   | Found a transporter.
  2125 | Temple   | Found a transporter.
  2125 | Temple   | Found a transporter.
  2135 | Temple   | 2135 ||| PLANNING D:1-11
  2140 | Temple   | 2140 ||| PLANNING OKAWARU WORSHIP
  2147 | Temple   | Became a worshipper of Warmaster Okawaru
  2148 | Temple   | 2148 ||| PLANNING D:1-11
  2197 | D:4      | Reached skill level 8 in Ranged Weapons
  2200 | D:4      | Noticed a centaur
  2208 | D:4      | Killed a centaur
  2209 | D:4      | Reached XP level 5. HP: 14/29 MP: 7/7
  2279 | D:4      | 2279 ||| SWAPPING to +0 orcbow.
  2280 | D:4      | 2280 ||| DROPPING +1 shortbow.
  2498 | D:4      | Reached skill level 9 in Ranged Weapons
  2587 | D:4      | 2587 ||| DRINKING potion of curing.
  2587 | D:4      | 2587 ||| (to cure confusion)
  2601 | D:4      | Reached XP level 6. HP: 17/35 MP: 8/8
  2605 | D:4      | 2605 ||| FLEEEEING.
  2606 | D:4      | 2606 ||| STAIRDANCE
  2671 | D:3      | 2671 ||| READING scroll labelled REAGHU BUITU.
  2672 | D:3      | 2672 ||| READING 2 scrolls of identify.
  2672 | D:3      | 2672 ||| IDENTIFYING puce potion
  2673 | D:3      | 2673 ||| DROPPING potion of attraction.
  2907 | D:5      | Entered Level 5 of the Dungeon
  3027 | D:5      | Reached * piety under Okawaru
  3028 | D:5      | Reached skill level 10 in Ranged Weapons
  3053 | D:5      | Reached skill level 1 in Invocations
  3115 | D:5      | Found a shimmering altar of Xom.
  3116 | D:5      | 3116 ||| INVOKING Heroism.
  3118 | D:5      | Reached skill level 3 in Dodging
  3118 | D:5      | Reached XP level 7. HP: 40/40 MP: 6/10
  3309 | D:5      | 3309 ||| Stepping ~*~*~tactically~*~*~ (outnumbered).
  3311 | D:5      | 3311 ||| Stepping ~*~*~tactically~*~*~ (outnumbered).
  3317 | D:5      | 3317 ||| INVOKING Heroism.
  3320 | D:5      | Reached skill level 3 in Invocations
  3476 | D:5      | 3476 ||| FLEEEEING.
  3479 | D:5      | 3479 ||| FLEEEEING.
  3480 | D:5      | 3480 ||| FLEEEEING.
  3481 | D:5      | 3481 ||| FLEEEEING.
  3482 | D:5      | 3482 ||| FLEEEEING.
  3483 | D:5      | 3483 ||| FLEEEEING.
  3484 | D:5      | 3484 ||| FLEEEEING.
  3485 | D:5      | 3485 ||| FLEEEEING.
  3486 | D:5      | 3486 ||| FLEEEEING.
  3784 | D:5      | 3784 ||| READING 2 scrolls labelled XUTOT IXTO.
  3788 | D:5      | 3788 ||| READING scroll labelled YHEBIJ WAJETRYE.
  3860 | D:5      | 3860 ||| READING 2 scrolls of identify.
  3860 | D:5      | 3860 ||| IDENTIFYING murky grey potion
  3900 | D:6      | Reached skill level 11 in Ranged Weapons
  3904 | D:6      | Noticed Menkaure
  3905 | D:6      | 3905 ||| INVOKING Heroism.
  3915 | D:6      | HP: 7/40 [centaur/arrow (6)]
  3916 | D:6      | 3916 ||| READING scroll of teleportation.
  3916 | D:6      | Shot with an arrow by a centaur

Levels and vault maps discovered:
D:1:      lemuel_arrival_behind_the_door_large, layout_loops_corners,
          serial_shops, shop, hellmonk_ecumenical_altar_dog_temple,
          wander_ebering_terrifying_dragon_lair
D:2:      layout_basic, basic_altar, nicolae_kite_square_tiling_tiny
D:3:      layout_basic, gammafunk_ghost_grave, chequers_serial_rivers_micro_a
D:4:      layout_loops_cross, minmay_temple_entry_wispy
D:5:      layout_basic, xom_confusion_cloud
D:6:      layout_rooms, uniq_menkaure, uniq_edmund, uniq_pikel
Temple:   hellmonk_temple_divided_pantheon

Skill      XL: |  1  2  3  4  5  6  7 |
---------------+----------------------+-----
Ranged Weapons | 6 7 8 9 10 11 | 11.1
Fighting       | 2 |  2.0
Invocations    | 1 3 |  3.6
Dodging        | 3 |  3.2
Stealth        | |  1.2

Action                     |  1- 3 |  4- 6 |  7- 9 || total
---------------------------+-------+-------+-------++-------
   Fire: Shortbow          |   150 |    77 |       ||   227
         Orcbow            |       |    50 |    70 ||   120
 Invoke: Heroism           |       |     1 |     2 ||     3
    Use: Scroll            |     1 |     8 |     4 ||    13
         Potion            |       |     2 |       ||     2
 Armour: Leather armour    |     8 |       |       ||     8
         Ring mail         |    27 |     2 |     8 ||    37
  Dodge: Dodged            |    70 |    21 |    21 ||   112

Table legend:
 A = Non-vault XP
 B = Vault XP
 C = Vault XP percentage of total XP
 D = Non-vault monster count
 E = Vault monster count
 F = Vault count percentage of total count
                 A         B        C        D         E       F
            +---------+---------+-------+---------+---------+-------
      Total |    1109 |      91 |   7.6 |     104 |       7 |   6.3
            +---------+---------+-------+---------+---------+-------
        D:1 |      31 |       7 |  18.4 |      21 |       4 |  16.0
        D:2 |      65 |       0 |   0.0 |      30 |       0 |   0.0
        D:3 |      25 |       0 |   0.0 |      13 |       0 |   0.0
        D:4 |     372 |       0 |   0.0 |      22 |       0 |   0.0
        D:5 |     496 |      84 |  14.5 |      15 |       3 |  16.7
        D:6 |     120 |       0 |   0.0 |       3 |       0 |   0.0
            +---------+---------+-------+---------+---------+-------
